TOP OF THE 1ST |
Spokane Indians batting - Pitching for Phoenix Giants : RHP Carlos Rodriguez
|
Pitching: RHP Carlos Rodriguez
|
|
Batting: SHB Jose Oquendo
|
0-0: Foul Ball, location: 2F 0-1: Called Strike 0-2: Ball 1-2: Ball 2-2: Fly out, F6 (Popup, 4M, EV 50.6 MPH)
|
Batting: LHB Stu Pederson
|
0-0: Ball 1-0: Fly out, F9 (Flyball, 9LM, EV 84.4 MPH)
|
Batting: RHB Tom Watkins
|
0-0: Called Strike 0-1: Hit by Pitch
|
Batting: SHB Mark Gillaspie
|
0-0: Ball 1-0: Ball 2-0: Ball 3-0: Base on Balls Tom Watkins to second
|
Batting: LHB Dave Stockstill
|
0-0: Called Strike 0-1: Ball 1-1: Ball 2-1: Ball 3-1: Called Strike 3-2: Foul Ball, location: 2F 3-2: Strikes out swinging
|
Top of the 1st over - 0 runs, 0 hits, 0 errors, 2 left on base; Spokane 0 - Phoenix 0 |
BOTTOM OF THE 1ST |
Phoenix Giants batting - Pitching for Spokane Indians : LHP Joe Hesketh
|
Pitching: LHP Joe Hesketh
|
|
Batting: LHB Bobby V Mitchell
|
0-0: Swinging Strike 0-1: Foul Ball, location: 2F 0-2: Strikes out swinging
|
Batting: LHB Gordon Hahn
|
0-0: Ball 1-0: Called Strike 1-1: Foul Ball, location: 2F 1-2: Strikes out swinging
|
Batting: LHB Ernie Riles
|
0-0: Called Strike 0-1: Ball 1-1: Ball 2-1: Foul Ball, location: 2F 2-2: Ball 3-2: Foul Ball, location: 2F 3-2: Base on Balls
|
Batting: SHB John Macauley
|
0-0: Called Strike Ernie Riles steals 2nd base 0-1: Ball 1-1: Foul Ball, location: 2F 1-2: Ball 2-2: Ball 3-2: Foul Ball, location: 2F 3-2: Fly out, F8 (Flyball, 89M, EV 81.3 MPH)
|
Bottom of the 1st over - 0 runs, 0 hits, 0 errors, 1 left on base; Spokane 0 - Phoenix 0 |
TOP OF THE 2ND |
Spokane Indians batting - Pitching for Phoenix Giants : RHP Carlos Rodriguez
|
Batting: RHB Craig Landis
|
0-0: Called Strike 0-1: Fly out, F7 (Flyball, 7S, EV 78.1 MPH)
|
Batting: LHB Joseph Lentsch
|
0-0: Foul Ball, location: 2F 0-1: Swinging Strike 0-2: Ball 1-2: Ground out 4-3 (Groundball, 4M, EV 89.4 MPH)
|
Batting: RHB Matthew Tyner
|
0-0: Ball 1-0: Ball 2-0: Ball 3-0: Base on Balls
|
Batting: RHB Reggie Whittemore
|
0-0: Ball 1-0: Swinging Strike 1-1: Foul Ball, location: 2F 1-2: Ball 2-2: Strikes out swinging
|
Top of the 2nd over - 0 runs, 0 hits, 0 errors, 1 left on base; Spokane 0 - Phoenix 0 |
BOTTOM OF THE 2ND |
Phoenix Giants batting - Pitching for Spokane Indians : LHP Joe Hesketh
|
Batting: RHB Paul Zuvella
|
0-0: Ball 1-0: Foul Ball, location: 2F 1-1: Fly out, F7 (Flyball, 78M, EV 73.8 MPH)
|
Batting: LHB Joseph Bruno
|
0-0: Ball 1-0: Ball 2-0: Called Strike 2-1: Ball 3-1: Foul Ball, location: 2F 3-2: Fly out, F9 (Flyball, 89S, EV 90.6 MPH)
|
Batting: RHB Adam Veldman
|
0-0: Swinging Strike 0-1: Ball 1-1: Ball 2-1: Ball 3-1: Called Strike 3-2: Strikes out swinging
|
Bottom of the 2nd over - 0 runs, 0 hits, 0 errors, 0 left on base; Spokane 0 - Phoenix 0 |
TOP OF THE 3RD |
Spokane Indians batting - Pitching for Phoenix Giants : RHP Carlos Rodriguez
|
Batting: SHB Jose Oquendo
|
0-0: Ground out 6-3 (Groundball, 6M, EV 98.8 MPH)
|
Batting: LHB Stu Pederson
|
0-0: Ball 1-0: Foul Ball, location: 2F 1-1: Ground out 6-3 (Groundball, 6, EV 108.1 MPH)
|
Batting: RHB Tom Watkins
|
0-0: Ground out 6-3 (Groundball, 6, EV 81.9 MPH)
|
Top of the 3rd over - 0 runs, 0 hits, 0 errors, 0 left on base; Spokane 0 - Phoenix 0 |
BOTTOM OF THE 3RD |
Phoenix Giants batting - Pitching for Spokane Indians : LHP Joe Hesketh
|
Batting: SHB Razor Shines
|
0-0: Ball 1-0: Ball 2-0: Ground out 6-3 (Groundball, 6, EV 95.0 MPH)
|
Batting: LHB Glenn Arnett
|
0-0: Ball 1-0: Swinging Strike 1-1: Ball 2-1: Foul Ball, location: 2F 2-2: Fly out, F7 (Line Drive, 7, EV 91.3 MPH)
|
Batting: LHB Bobby V Mitchell
|
0-0: Ball 1-0: Ground out 4-3 (Groundball, 4S, EV 86.9 MPH)
|
Bottom of the 3rd over - 0 runs, 0 hits, 0 errors, 0 left on base; Spokane 0 - Phoenix 0 |
TOP OF THE 4TH |
Spokane Indians batting - Pitching for Phoenix Giants : RHP Carlos Rodriguez
|
Batting: SHB Mark Gillaspie
|
0-0: Called Strike 0-1: Ball 1-1: Called Strike 1-2: Ball 2-2: Foul Ball, location: 2F 2-2: Ground out 4-3 (Groundball, 4, EV 87.5 MPH)
|
Batting: LHB Dave Stockstill
|
0-0: Ball 1-0: Fly out, F9 (Flyball, 89D, EV 98.1 MPH)
|
Batting: RHB Craig Landis
|
0-0: Swinging Strike 0-1: Swinging Strike 0-2: Strikes out swinging, 2-3 out at first.
|
Top of the 4th over - 0 runs, 0 hits, 0 errors, 0 left on base; Spokane 0 - Phoenix 0 |
BOTTOM OF THE 4TH |
Phoenix Giants batting - Pitching for Spokane Indians : LHP Joe Hesketh
|
Batting: LHB Gordon Hahn
|
0-0: Ball 1-0: Ball 2-0: Called Strike 2-1: Fly out, F9 (Flyball, 89D, EV 100.0 MPH)
|
Batting: LHB Ernie Riles
|
0-0: Ball 1-0: Ball 2-0: SOLO HOME RUN (Flyball, 7D, EV 90.6 MPH), Distance : 372 ft
|
Batting: SHB John Macauley
|
0-0: Ball 1-0: Ball 2-0: Called Strike 2-1: Called Strike 2-2: SINGLE (Groundball, 56D, EV 100.0 MPH)
|
Batting: RHB Paul Zuvella
|
0-0: Foul Ball, location: 2F 0-1: Ball 1-1: Called Strike 1-2: Foul Ball, location: 2F 1-2: Ball 2-2: Fly out, F7 (Flyball, 7D, EV 83.8 MPH)
|
Batting: LHB Joseph Bruno
|
0-0: Called Strike 0-1: Ball 1-1: Ball 2-1: Foul Ball, location: 2F 2-2: Fly out, F8 (Line Drive, 8LD, EV 91.3 MPH)
|
Bottom of the 4th over - 1 run, 2 hits, 0 errors, 1 left on base; Spokane 0 - Phoenix 1 |
TOP OF THE 5TH |
Spokane Indians batting - Pitching for Phoenix Giants : RHP Carlos Rodriguez
|
Batting: LHB Joseph Lentsch
|
0-0: Called Strike 0-1: Called Strike 0-2: Ball 1-2: Ball 2-2: Ground out 4-3 (Groundball, 34, EV 107.5 MPH)
|
Batting: RHB Matthew Tyner
|
0-0: Foul Ball, location: 2F 0-1: Ball 1-1: Foul Ball, location: 2F 1-2: Ground out 6-3 (Groundball, 6, EV 107.5 MPH)
|
Batting: RHB Reggie Whittemore
|
0-0: Ball 1-0: Ball 2-0: Called Strike 2-1: Foul Ball, location: 2F 2-2: Ball 3-2: Strikes out looking
|
Top of the 5th over - 0 runs, 0 hits, 0 errors, 0 left on base; Spokane 0 - Phoenix 1 |
BOTTOM OF THE 5TH |
Phoenix Giants batting - Pitching for Spokane Indians : LHP Joe Hesketh
|
Batting: RHB Adam Veldman
|
0-0: Swinging Strike 0-1: Ball 1-1: Ground out U3 (Groundball, 34, EV 90.0 MPH)
|
Batting: SHB Razor Shines
|
0-0: Ground out 5-3 (Groundball, 56, EV 103.1 MPH)
|
Batting: LHB Glenn Arnett
|
0-0: Called Strike 0-1: Ball 1-1: Foul Ball, location: 2F 1-2: Ball 2-2: Ground out 1-3 (Groundball, 34S, EV 67.5 MPH)
|
Bottom of the 5th over - 0 runs, 0 hits, 0 errors, 0 left on base; Spokane 0 - Phoenix 1 |
TOP OF THE 6TH |
Spokane Indians batting - Pitching for Phoenix Giants : RHP Carlos Rodriguez
|
Batting: SHB Jose Oquendo
|
0-0: Called Strike 0-1: Ball 1-1: Ball 2-1: Foul Ball, location: 2F 2-2: Ball 3-2: Foul Ball, location: 2F 3-2: Ground out 1-3 (Groundball, 25, EV 68.8 MPH)
|
Batting: LHB Stu Pederson
|
0-0: Ball 1-0: Foul Ball, location: 2F 1-1: Foul Ball, location: 2F 1-2: SINGLE (Groundball, 4D, EV 110.6 MPH)
|
Batting: RHB Tom Watkins
|
0-0: Ball 1-0: Called Strike 1-1: Called Strike 1-2: Strikes out swinging
|
Batting: SHB Mark Gillaspie
|
0-0: Ball 1-0: Called Strike 1-1: Foul Ball, location: 2F 1-2: SINGLE (Line Drive, 6MD, EV 96.3 MPH) Stu Pederson to second
|
Batting: LHB Dave Stockstill
|
0-0: Called Strike 0-1: Ball 1-1: Swinging Strike 1-2: Strikes out looking
|
Top of the 6th over - 0 runs, 2 hits, 0 errors, 2 left on base; Spokane 0 - Phoenix 1 |
BOTTOM OF THE 6TH |
Phoenix Giants batting - Pitching for Spokane Indians : LHP Joe Hesketh
|
Batting: LHB Bobby V Mitchell
|
0-0: Ground out 4-3 (Groundball, 4, EV 90.6 MPH)
|
Batting: LHB Gordon Hahn
|
0-0: Called Strike 0-1: Ball 1-1: Ball 2-1: Ball 3-1: Base on Balls
|
Batting: LHB Ernie Riles
|
0-0: Ball 1-0: Swinging Strike 1-1: Ball 2-1: Ball 3-1: Called Strike 3-2: Strikes out swinging
|
Batting: SHB John Macauley
|
0-0: Foul Ball, location: 2F 0-1: Ball 1-1: Foul Ball, location: 2F 1-2: Foul Ball, location: 2F 1-2: Ground out 5-3 (Groundball, 56, EV 98.1 MPH)
|
Bottom of the 6th over - 0 runs, 0 hits, 0 errors, 1 left on base; Spokane 0 - Phoenix 1 |
TOP OF THE 7TH |
Spokane Indians batting - Pitching for Phoenix Giants : RHP Carlos Rodriguez
|
Batting: RHB Craig Landis
|
0-0: Ground out 2-3 (Groundball, 2L, EV 64.4 MPH)
|
Batting: LHB Joseph Lentsch
|
0-0: Called Strike 0-1: SINGLE (Groundball, 56D, EV 103.1 MPH)
|
Pinch Hitting: LHB Dave Yobs
|
Pickoff Throw to First - Out! 1-3 0-0: Ball 1-0: Called Strike 1-1: Ball 2-1: Ground out 4-3 (Groundball, 34S, EV 91.3 MPH)
|
Top of the 7th over - 0 runs, 1 hit, 0 errors, 0 left on base; Spokane 0 - Phoenix 1 |
BOTTOM OF THE 7TH |
Phoenix Giants batting - Pitching for Spokane Indians : LHP Joe Hesketh
|
Now at 3B: Cleo Smith
|
|
Batting: RHB Paul Zuvella
|
0-0: Ball 1-0: Foul Ball, location: 2F 1-1: Swinging Strike 1-2: Ball 2-2: Fly out, F8 (Line Drive, 8LM, EV 93.8 MPH)
|
Batting: LHB Joseph Bruno
|
0-0: Ball 1-0: Ball 2-0: Ball 3-0: Called Strike 3-1: Ground out 4-3 (Groundball, 34, EV 88.8 MPH)
|
Batting: RHB Adam Veldman
|
0-0: Ball 1-0: Called Strike 1-1: Swinging Strike 1-2: Strikes out swinging
|
Bottom of the 7th over - 0 runs, 0 hits, 0 errors, 0 left on base; Spokane 0 - Phoenix 1 |
TOP OF THE 8TH |
Spokane Indians batting - Pitching for Phoenix Giants : RHP Carlos Rodriguez
|
Batting: RHB Reggie Whittemore
|
0-0: Foul Ball, location: 2F 0-1: Fly out, F7 (Line Drive, 7S, EV 110.6 MPH)
|
Batting: SHB Jose Oquendo
|
0-0: Called Strike 0-1: Called Strike 0-2: Ball 1-2: Fly out, F4 (Flyball, 34D, EV 79.4 MPH)
|
Batting: LHB Stu Pederson
|
0-0: Called Strike 0-1: Ground out 4-3 (Groundball, 34, EV 100.6 MPH)
|
Top of the 8th over - 0 runs, 0 hits, 0 errors, 0 left on base; Spokane 0 - Phoenix 1 |
BOTTOM OF THE 8TH |
Phoenix Giants batting - Pitching for Spokane Indians : LHP Joe Hesketh
|
Batting: SHB Razor Shines
|
0-0: Ground out 6-3 (Groundball, 6, EV 80.0 MPH)
|
Batting: LHB Glenn Arnett
|
0-0: Fly out, F8 (Flyball, 8RD, EV 76.9 MPH)
|
Batting: LHB Bobby V Mitchell
|
0-0: Ball 1-0: Swinging Strike 1-1: Swinging Strike 1-2: Foul Ball, location: 2F 1-2: Fly out, F7 (Flyball, 78M, EV 75.0 MPH)
|
Bottom of the 8th over - 0 runs, 0 hits, 0 errors, 0 left on base; Spokane 0 - Phoenix 1 |
TOP OF THE 9TH |
Spokane Indians batting - Pitching for Phoenix Giants : RHP Carlos Rodriguez
|
Pitching: RHP Charles Davis
|
|
Batting: RHB Tom Watkins
|
0-0: Called Strike 0-1: Swinging Strike 0-2: Foul Ball, location: 2F 0-2: Strikes out swinging
|
Batting: SHB Mark Gillaspie
|
0-0: Ball 1-0: Foul Ball, location: 2F 1-1: Foul Ball, location: 2F 1-2: Strikes out swinging
|
Batting: LHB Dave Stockstill
|
0-0: SINGLE (Line Drive, 7S, EV 108.8 MPH)
|
Batting: RHB Craig Landis
|
0-0: Fly out, F9 (Flyball, 9LM, EV 110.0 MPH)
|
Top of the 9th over - 0 runs, 1 hit, 0 errors, 1 left on base; Spokane 0 - Phoenix 1 |
|